 Dungeon Crawl Stone Soup version 0.30.1-4-g462c640d31 (webtiles) character file.

Game seed: 6520186582817898537

5580 rvierbuc the Cleaver (level 10, -5/74 HPs)
             Began as a Demonspawn Gladiator on Aug 24, 2023.
             Was a Priest of Qazlal.
             Slain by a death knight
             ... wielding a +1 glaive
              (29 damage)
             ... on level 8 of the Dungeon.
             The game lasted 00:31:30 (8435 turns).

rvierbuc the Cleaver (Demonspawn Gladiator)         Turns: 8435, Time: 00:31:32

Health: -5/74      AC: 18    Str: 19    XL:     10   Next: 44%
Magic:  10/10      EV:  7    Int:  9    God:    Qazlal [***...]
Gold:   447        SH:  9    Dex: 15    Spells: 9/9 levels left

rFire   . . .        s - +5 war axe of Doleoduk {heavy, rC+}
rCold   + . .        y - +0 buckler
rNeg    . . .        S - +0 plate armour
rPois   .            c - +0 helmet
rElec   .            w - +0 cloak
rCorr   .            (gloves unavailable)
SInv    .            H - +1 pair of boots
Will    .....        t - amulet of magic regeneration Stlth
                     h - ring of flight
HPRegen 0.32/turn    (no ring)
MPRegen 0.52/turn

%: no passive effects
@: flying, slowed, very slow
A: yellow scales 1, demonic touch 3
a: Renounce Religion, Upheaval, Elemental Force


You were on level 8 of the Dungeon.
You worshipped Qazlal.
Qazlal was most pleased with you.
You visited 1 branch of the dungeon, and saw 8 of its levels.

You collected 447 gold pieces.

Inventory:

Hand Weapons
 a - a +0 long sword
 s - the +5 war axe of Doleoduk (weapon) {heavy, rC+}
   (You found it on level 2 of the Dungeon)

   rC:        It protects you from cold.
 A - a +0 heavy battleaxe
 M - a +1 war axe of draining
Missiles
 D - a javelin
 J - 3 throwing nets
 L - 12 poisoned darts (quivered)
Armour
 b - a +0 leather armour
 c - a +0 helmet (worn)
 e - a +0 chain mail
 g - a +0 ring mail
 w - a +0 cloak (worn)
 y - a +0 buckler (worn)
 H - a +1 pair of boots (worn)
 P - a +2 ring mail of fire resistance
 S - a +0 plate armour (worn)
 W - +0 steam dragon scales
Magical Staves
 E - a staff of air
Jewellery
 h - a ring of flight (left hand)
 t - an amulet of magic regeneration (around neck)
 U - a ring of wizardry
Wands
 F - a wand of roots (11)
 O - a wand of charming (15)
 R - a wand of flame (11)
Scrolls
 f - a scroll of teleportation {unknown}
 l - a scroll of brand weapon {unknown}
 m - a scroll of blinking {unknown}
 n - 2 scrolls of amnesia {unknown}
 q - 3 scrolls of magic mapping {unknown}
 r - 7 scrolls of identify
 v - 5 scrolls of immolation {unknown}
 B - a scroll of noise {unknown}
 I - 3 scrolls of poison {unknown}
 N - a scroll of acquirement {unknown}
 V - a scroll of vulnerability {unknown}
Potions
 d - 4 potions of curing
 i - a potion of flight {unknown}
 j - 6 potions of mutation
 k - a potion of degeneration {unknown}
 o - 2 potions of brilliance
 p - a potion of ambrosia {unknown}
 u - a potion of invisibility {unknown}
 x - a potion of attraction {unknown}
 z - 4 potions of magic
 C - a potion of cancellation {unknown}
 G - a potion of lignification {unknown}
 K - a potion of heal wounds {unknown}
 Q - a potion of haste {unknown}
 T - 2 potions of might
 X - a potion of experience {unknown}


   Skills:
 + Level 5.2 Fighting
 - Level 3.5 Long Blades
 * Level 11.0 Axes
 + Level 2.4 Throwing
 + Level 4.9 Armour
 + Level 4.1 Dodging
 - Level 1.0 Stealth
 + Level 3.8 Shields


You had 9 spell levels left.
You didn't know any spells.
Your spell library contained the following spells:

 Spells                   Type           Power      Damage    Failure   Level
 Magic Dart               Conj           0%         1d3       100%        1
 Call Imp                 Summ           0%         N/A       100%        2
 Cigotuvi's Dreadful Rot  Necr/Pois/Air  0%         N/A       100%        2
 Lesser Beckoning         Tloc           0%         N/A       100%        2
 Sublimation of Blood     Necr           0%         N/A       100%        2
 Gell's Gravitas          Tloc           0%         N/A       100%        3
 Mephitic Cloud           Conj/Pois/Air  0%         N/A       100%        3
 Stone Arrow              Conj/Erth      0%         3d7       100%        3
 Teleport Other           Tloc           0%         N/A       100%        3
 Animate Armour           Summ/Erth      0%         N/A       100%        4
 Dispel Undead            Necr           0%         3d6       100%        4
 Leda's Liquefaction      Hex/Erth       0%         N/A       100%        4
 Petrify                  Tmut/Erth      0%         N/A       100%        4
 Irradiate                Conj/Tmut      0%         3d11      100%        5
 Lee's Rapid Deconstruct  Erth           0%         3d4*      100%        5
 Death Channel            Necr           0%         N/A       100%        6
 Statue Form              Tmut/Erth      0%         N/A       100%        6
 Lehudib's Crystal Spear  Conj/Erth      0%         10d2      100%        8


Dungeon Overview and Level Annotations

Branches:
Dungeon (8/15)             Temple (0/1) D:7
   Lair: D:8-11

Altars:
Cheibriados
Gozag
Makhleb
Qazlal
Vehumet
Yredelemnul

Shops:
D:2 ?


Innate Abilities, Weirdness & Mutations

You are partially covered in yellow scales. (AC +2)
Your touch may irresistibly damage your foes and sap their willpower.


Message History

You slice the bullfrog!!
You kill the bullfrog!
Qazlal accepts your kill.
You slice the orc priest!!
You kill the orc priest!
Qazlal accepts your kill.
X - a fizzy silvery potion You now have 433 gold pieces (gained 13).
Things that are here:
a +0 short sword; a +0 robe; a bullfrog corpse You now have 447 gold pieces (gained 14).
A wraith comes into view.
You block the wraith's attack.
You closely miss the wraith.
A death knight comes into view. It is wielding a +1 glaive.
The wraith hits you but does no damage.
You slash the wraith!
The wraith is moderately damaged.
The wraith hits you but does no damage.
You barely miss the wraith.
The wraith is moderately damaged.
You block the wraith's attack. x2
You hit the wraith.
The wraith is moderately damaged.
The death knight hits you from afar with a +1 glaive!
The wraith hits you! The wraith drains your vigour!
You feel yourself slow down.
You barely miss the wraith.
The wraith is moderately damaged.
The death knight hits you from afar with a +1 glaive!
You block the wraith's attack.
The death knight offers itself to Yredelemnul, and fills with unholy energy.
The wraith closely misses you.
You slice the wraith!!
The wraith is almost destroyed.
The death knight hits you from afar with a +1 glaive!!
The wraith hits you but does no damage. You block the death knight's attack.
The wraith hits you but does no damage. You block the wraith's attack.
The death knight hits you from afar with a +1 glaive!!
You die...

........##.##.......###
....
.......###.##.......#
..#
#...#..###'##########..
##
...##.####.###########.
..#######...# ... ####
.## ######[#####.# ###.
## ###.##)##.##.##.# #
###.............# ##
###.##.##.##@##?# .#
### ##.#####W# .#
######...# .p.
.###.######## ##.##
..##..####### #.#
......####### ...
.......## ### #.#
#####...########.# #
##...######


You could see a death knight (reflects damage) and a wraith.

Vanquished Creatures
  A deep elf pyromancer (D:8)
  A cyclops (D:8)
  Prince Ribbit (D:8)
  Sigmund (D:4)
  A wyvern (D:8)
  A steam dragon (D:8)
  A basilisk (D:8)
  Menkaure (D:4)
  Edmund (D:4)
  2 water moccasins
  Duvessa (D:4)
  A sky beast (D:6)
  An ice beast (D:5)
  4 orc warriors
  2 black bears (D:6)
  4 ogres
  A centaur (D:6)
  A phantom (D:4)
  Blork the orc (D:4)
  2 kobold brigands
  A bullfrog (D:8)
  A gnoll sergeant (D:7)
  3 scorpions
  A wight (D:8)
  Dowan (D:4)
  9 killer bees
  A howler monkey (D:6)
  3 jellies
  5 orc priests
  3 hounds
  5 gnoll boudas
  Natasha (thrice) (D:4)
  4 iguanas
  7 orc wizards
  23 gnolls
  5 adders
  A shadow imp (D:8)
  An ufetubus (D:7)
  2 dart slugs (D:3)
  14 orcs
  5 bats
  6 endoplasms
  A giant cockroach (D:3)
  8 hobgoblins
  8 jackals (D:3)
  14 kobolds
  6 quokkas
  6 ball pythons
  3 frilled lizards
  4 goblins
  6 rats
189 creatures vanquished.

Notes
Turn   | Place    | Note
-------+----------+-------------------------------------------
     0 | D:1      | rvierbuc the Demonspawn Gladiator began the quest for the
                  | Orb.
     0 | D:1      | Reached XP level 1. HP: 16/16 MP: 1/1
   174 | D:1      | Gained mutation: Your touch may inflict minor irresistible
                  | damage on your foes. [demonic ancestry]
   174 | D:1      | Reached XP level 2. HP: 22/22 MP: 2/2
   997 | D:2      | Found Guts's Magic Scroll Shop.
  1130 | D:2      | Identified the +5 war axe of Doleoduk {heavy, rC+}
  1167 | D:2      | Found an opulent altar of Gozag.
  1497 | D:2      | Noticed a scorpion
  1502 | D:2      | Killed a scorpion
  1503 | D:2      | Reached XP level 3. HP: 26/28 MP: 3/3
  1503 | D:2      | Gained mutation: Your touch may inflict irresistible damage
                  | on your foes. [demonic ancestry]
  1503 | D:2      | Reached XP level 4. HP: 32/34 MP: 4/4
  1837 | D:3      | Found a stormy altar of Qazlal.
  1904 | D:3      | Became a worshipper of Qazlal Stormbringer
  1972 | D:3      | Reached skill level 1 in Axes
  2240 | D:3      | Gained mutation: You are partially covered in yellow
                  | scales. (AC +2) [demonic ancestry]
  2240 | D:3      | Reached XP level 5. HP: 39/39 MP: 5/5
  2384 | D:3      | Found a burning altar of Makhleb.
  2776 | D:4      | Noticed Blork the orc
  2866 | D:3      | Reached skill level 2 in Axes
  2953 | D:4      | Noticed Duvessa
  2953 | D:4      | Noticed Dowan
  2987 | D:4      | Noticed Sigmund
  3383 | D:4      | Reached * piety under Qazlal
  3398 | D:4      | Noticed Menkaure
  3416 | D:3      | Reached skill level 3 in Axes
  3416 | D:3      | Reached skill level 1 in Armour
  3570 | D:4      | Gained mutation: Your touch may irresistibly damage your
                  | foes and sap their willpower. [demonic ancestry]
  3570 | D:4      | Reached XP level 6. HP: 34/46 MP: 6/6
  3670 | D:4      | Reached skill level 4 in Axes
  3704 | D:4      | Killed Duvessa
  3707 | D:4      | Killed Dowan
  3708 | D:4      | Reached XP level 7. HP: 47/51 MP: 7/7
  3765 | D:4      | Killed Sigmund
  3766 | D:4      | Reached skill level 5 in Axes
  3795 | D:4      | Killed Menkaure
  4028 | D:4      | Killed Blork the orc
  4157 | D:4      | Noticed Natasha
  4168 | D:4      | Killed Natasha
  4169 | D:4      | Reached skill level 6 in Axes
  4262 | D:4      | Noticed Edmund
  4275 | D:4      | Reached skill level 1 in Shields
  4275 | D:4      | Reached XP level 8. HP: 58/58 MP: 8/8
  4282 | D:4      | Killed Edmund
  4665 | D:4      | Noticed Natasha
  4668 | D:4      | Killed Natasha
  4696 | D:4      | Noticed Natasha
  4699 | D:4      | Killed Natasha
  4785 | D:5      | Entered Level 5 of the Dungeon
  4932 | D:5      | Reached skill level 7 in Axes
  5293 | D:5      | Reached skill level 8 in Axes
  5330 | D:5      | Reached ** piety under Qazlal
  5608 | D:6      | Reached XP level 9. HP: 59/65 MP: 9/9
  6022 | D:6      | Reached skill level 9 in Axes
  6449 | D:7      | Reached *** piety under Qazlal
  6822 | D:7      | Found a staircase to the Ecumenical Temple.
  7390 | D:8      | Noticed Prince Ribbit
  7396 | D:8      | Killed Prince Ribbit
  7397 | D:8      | Reached skill level 10 in Axes
  7409 | D:8      | Reached XP level 10. HP: 58/73 MP: 10/10
  7551 | D:8      | Found a snail-covered altar of Cheibriados.
  7554 | D:8      | Found a radiant altar of Vehumet.
  7554 | D:8      | Found a basalt altar of Yredelemnul.
  7734 | D:8      | Reached skill level 5 in Fighting
  7734 | D:8      | Reached skill level 1 in Stealth
  7738 | D:8      | Noticed a cyclops
  8033 | D:8      | Killed a cyclops
  8046 | D:8      | Noticed a deep elf pyromancer
  8180 | D:8      | Killed a deep elf pyromancer
  8409 | D:8      | Reached skill level 11 in Axes
  8430 | D:8      | Noticed a death knight
  8435 | D:8      | Slain by a death knight

Illustrated notes

Levels and vault maps discovered:
D:1:      dpeg_chamrin_arrival_tetris, layout_basic
D:2:      layout_basic, basic_altar, serial_shops, shop
D:3:      layout_basic, old_standard_altar, mainiacjoe_overflow_tiny_flanked
D:4:      layout_basic, uniq_natasha, uniq_edmund, uniq_duvessa, uniq_sigmund,
          uniq_menkaure, uniq_blork_the_orc
D:5:      layout_rooms, due_unseen_surprise
D:6:      layout_rooms, hex_intersection, minmay_misc_feat_room
D:7:      layout_loops_cross, minmay_temple_entry_stoned_glass,
          kennysheep_minor_cross
D:8:      hangedman_cross_veins, layout_layer_cave, grunt_temple_overflow_open,
          nemelex_xobeh_ov_fountains_minmay, uniq_prince_ribbit1

Skill      XL: |  1  2  3  4  5  6  7  8  9 10 |
---------------+-------------------------------+-----
Long Blades    | 3 |  3.5
Dodging        | 3 4 |  4.1
Axes           | 1 3 4 6 8 10 11 | 11.0
Armour         | 1 2 3 4 |  4.9
Fighting       | 3 4 5 |  5.2
Shields        | 1 3 |  3.8
Throwing       | 2 |  2.4
Stealth        | 1 |  1.0

Action                     |  1- 3 |  4- 6 |  7- 9 | 10-12 || total
---------------------------+-------+-------+-------+-------++-------
  Melee: Long sword        |    58 |       |       |       ||    58
         Touch             |    11 |     7 |       |       ||    18
         Punch             |     1 |       |       |       ||     1
         War axe           |       |   102 |   216 |    65 ||   383
  Throw: Throwing net      |       |     4 |     1 |     3 ||     8
         Javelin           |       |     1 |     2 |     1 ||     4
         Dart              |       |       |       |     3 ||     3
    Use: Scroll            |       |       |       |     5 ||     5
   Stab: Held in net/web   |       |     1 |       |       ||     1
 Armour: Ring mail         |    26 |    26 |       |       ||    52
         Leather armour    |     1 |       |       |       ||     1
         Chain mail        |       |    56 |   118 |       ||   174
         Plate armour      |       |       |    13 |    43 ||    56
  Dodge: Dodged            |    34 |    62 |   116 |    16 ||   228
  Block: Buckler           |       |    11 |   128 |    49 ||   188
